 Dungeon Crawl Stone Soup version 0.30-a0-777-ga9a30cbeda (webtiles) character file.

Game seed: 13528597348016375783

15078 kae the Destroyer (level 12, -1/77 HPs)
             Began as a Gargoyle Earth Elementalist on Feb 14, 2023.
             Was a Priest of Vehumet.
             Slain by nuthulu's ghost (16 damage)
             ... on level 1 of the Lair of Beasts.
             The game lasted 00:11:10 (13324 turns).

kae the Destroyer (Gargoyle Earth Elementalist)    Turns: 13324, Time: 00:11:11

Health: -1/77      AC: 20    Str: 13    XL:     12   Next: 23%
Magic:  1/24       EV: 14    Int: 26    God:    Vehumet [***...]
Gold:   833        SH:  0    Dex: 10    Spells: 12/27 levels left

rFire   . . .      SeeInvis .    e - +0 spear
rCold   . . .      Faith    .    (no shield)
rNeg    + . .      Spirit   .    N - +0 troll leather armour
rPois   ∞          Reflect  .    m - +2 hat
rElec   +          Harm     .    (no cloak)
rCorr   .          Rampage  .    f - +1 pair of gloves
Will    .....                    (no boots)
Stlth   ++                       (no amulet)
HPRegen 1.12/turn                I - +6 ring of intelligence
MPRegen 0.19/turn                O - +4 ring of protection

@: no status effects
A: sickness immunity, AC +8, negative energy resistance 1, electricity
resistance, torment resistance 1, petrification resistance
a: Renounce Religion


You were on level 1 of the Lair of Beasts.
You worshipped Vehumet.
Vehumet was most pleased with you.
You visited 3 branches of the dungeon, and saw 13 of its levels.
You also visited: Ossuary.

You collected 833 gold pieces.


Innate Abilities, Weirdness & Mutations

You are immune to sickness and miasma.
Your stone body is resilient. (AC +8)
You are immune to poison.
You resist negative energy. (rN+)
You are resistant to electric shocks. (rElec)
You are resistant to unholy torment.
You are immune to petrification.


   Skills:
 - Level 10.0 Fighting
 + Level 7.9 Dodging
 - Level 2.1 Stealth
 - Level 8.0 Spellcasting
 - Level 10.4 Conjurations
 - Level 0.7 Transmutations
 - Level 10.0 Earth Magic


You had 12 spell levels left.
You knew the following spells:

 Your Spells              Type           Power      Damage    Failure   Level
a - Sandblast             Erth           100%       2d20      1%          1
b - Stone Arrow           Conj/Erth      100%       3d13      1%          3
c - Passwall              Tmut/Erth      31%        N/A       1%          2
d - Petrify               Tmut/Erth      38%        N/A       8%          4
e - Lee's Rapid Deconstr  Erth           29%        3d15*     1%          5

Your spell library contained the following spells:

 Spells                   Type           Power      Damage    Failure   Level
 Olgreb's Toxic Radiance  Pois           10%        N/A       17%         4
 Static Discharge         Conj/Air       74%        2-6/arc   1%          2
 Summon Small Mammal      Summ           40%        N/A       7%          1
 Arcjolt                  Conj/Air       18%        1d28      7%          5
 Lightning Bolt           Conj/Air       18%        1d33      7%          5
 Leda's Liquefaction      Hex/Erth       18%        N/A       9%          4
 Lesser Beckoning         Tloc           20%        N/A       11%         2
 Call Canine Familiar     Summ           10%        N/A       22%         3
 Gell's Gravitas          Tloc           10%        N/A       22%         3
 Ozocubu's Armour         Ice            10%        N/A       22%         3
 Summon Guardian Golem    Hex/Summ       10%        N/A       22%         3
 Teleport Other           Tloc           10%        N/A       22%         3
 Vhi's Electric Charge    Tloc/Air       20%        N/A       22%         3
 Animate Dead             Necr           10%        N/A       56%         4
 Metabolic Englaciation   Hex/Ice        5%         N/A       89%         5
 Simulacrum               Ice/Necr       5%         N/A       100%        6
 Haunt                    Necr/Summ      5%         N/A       100%        7
 Infestation              Necr           5%         N/A       100%        8
 Statue Form              Tmut/Erth      Unusable   N/A       N/A         6

Inventory:

Hand Weapons
 e - a +0 spear (weapon)
   (You found it on level 1 of the Dungeon)
 g - a +4 dagger of flaming
   (You took it off a goblin on level 1 of the Dungeon)
Missiles
 d - 7 boomerangs
 h - 149 stones
 p - 15 poisoned darts
 r - 6 atropa-tipped darts
 t - 2 throwing nets {=f!f}
Armour
 a - a +0 robe
 f - a +1 pair of gloves (worn)
   (You found it on level 1 of the Dungeon)
 m - a +2 hat (worn)
   (You found it on level 2 of the Dungeon)
 N - a +0 troll leather armour (worn)
   (You found it on level 11 of the Dungeon)
Jewellery
 D - a +6 ring of dexterity
   (You found it on level 2 of the Dungeon)
 F - a ring of fire
   (You found it on level 10 of the Dungeon)
 I - a +6 ring of intelligence (left hand)
   (You found it on level 1 of the Dungeon)
 O - a +4 ring of protection (right hand)
   (You found it on level 6 of the Dungeon)
 Q - an amulet of magic regeneration
   (You found it on level 1 of the Lair of Beasts)
 Z - a ring of wizardry
   (You found it on level 3 of the Dungeon)
Wands
 H - a wand of mindburst (11)
   (You found it on level 7 of the Dungeon)
 K - a wand of flame (18)
   (You found it on level 9 of the Dungeon)
 L - a wand of iceblast (3)
   (You found it on level 9 of the Dungeon)
 M - a wand of light (14)
   (You found it on level 7 of the Dungeon)
 P - a wand of polymorph (7)
   (You found it on level 11 of the Dungeon)
 R - a wand of paralysis (4)
   (You found it on level 1 of the Lair of Beasts)
Scrolls
 c - 4 scrolls of poison
 q - 5 scrolls of teleportation {@r4}
 s - a scroll of fog
 y - 2 scrolls of blinking {!r}
 A - 3 scrolls of enchant armour
 B - 5 scrolls of magic mapping {!r}
 G - 7 scrolls of identify {@r1}
 J - 3 scrolls of enchant weapon
Potions
 b - a potion of magic
 i - a potion of resistance
 j - 5 potions of mutation {!q}
 k - a potion of ambrosia
 l - 7 potions of degeneration {!q}
 n - 2 potions of flight
 o - 7 potions of curing {@q1}
 u - 5 potions of heal wounds {@q2}
 v - a potion of haste {@q3}
 w - 2 potions of lignification {!q}
 x - 2 potions of brilliance
 z - 4 potions of might
 C - 4 potions of attraction {!q}
 E - a potion of berserk rage {!q}

Dungeon Overview and Level Annotations

Branches:
Dungeon (11/15) Zot: 25585  Temple (1/1) D:4 Zot: 5862    Lair (1/5) D:9 Zot: 5002
Ossuary (visited)
    Orc: D:9-12

Altars:
Ashenzari
Cheibriados
Dithmenos
Elyvilon
Fedhas
Gozag
Hepliaklqana
Kikubaaqudgha
Makhleb
Nemelex Xobeh
Okawaru
Qazlal
Ru
Sif Muna
Trog
Uskayaw
Vehumet
Wu Jian
Xom
Yredelemnul
Zin
The Shining One

Shops:
D:2 (   D:6 *   D:9 [

Annotations:
D:2 Terence
D:4 3 runed translucent doors, XanderDroid's ghost, amateur TrFi
D:5 3 runed translucent doors, mopl's ghost, novice DrAE
D:7 exclusion: ice statue
D:11 exclusion: 2 doors
Lair:1 nuthulu's ghost, journeyman GrFi

.............# ##.##P.#+#......
.............## #P.#.....#......
..............# ##.#............
..#.##P.+###.## #P...........###
...........#.######.#.........#
..#........#.##.#####.....#...#
...........#.....#..#.........##
..#..............W[8##.#..#...P#
..#........+....@#/.#.........##
...........#.[#..####.P##.....#
..#........#..................##
...###.#.###.............#.....#
..............+..........#....P##
......####....#..........#.......
.....#......................#..##
.........#..................+...#
.........#...............#..#...#


You could see nuthulu's ghost.


Message History

Casting: Stone Arrow (safe; 1% risk of failure)
Confirm with . or Enter, or press ? or * to list all spells.
You don't have enough magic to cast this spell.
Unknown command.
Casting: Stone Arrow (safe; 1% risk of failure)
Confirm with . or Enter, or press ? or * to list all spells.
Aiming: Sandblast (safe; 1% risk of failure)
Press: ? - help, Shift-Dir - straight line, f/p - nuthulu's ghost
Aim: nuthulu's ghost, wielding a weapon of venom (almost destroyed, 84% to hit)
The blast of sand misses nuthulu's ghost.
Nuthulu's ghost hits you.
Nuthulu's ghost hits you but does no damage. 😕 HP[+1] MP[-1]
You lost 1 mp, and now have 0/24 mp.
Unknown command.
Casting: Sandblast (safe; 1% risk of failure)
Confirm with . or Enter, or press ? or * to list all spells.
You don't have enough magic to cast this spell.
You hit nuthulu's ghost but do no damage.
Nuthulu's ghost hits you! 😕 HP[-14] MP[+1]
You take 14 damage, and now have 61/77 hp.
You hit nuthulu's ghost but do no damage.
Nuthulu's ghost hits you but does no damage. 😕 HP[+1]
You hit nuthulu's ghost but do no damage.
Your punch misses nuthulu's ghost. Nuthulu's ghost misses you. 😕 HP[+1]
Casting: Sandblast (safe; 1% risk of failure)
Confirm with . or Enter, or press ? or * to list all spells.
Aiming: Sandblast (safe; 1% risk of failure)
Press: ? - help, Shift-Dir - straight line, f/p - nuthulu's ghost
Aim: nuthulu's ghost, wielding a weapon of venom (almost destroyed, 84% to hit)
The blast of sand hits nuthulu's ghost but does no damage.
Nuthulu's ghost hits you but does no damage. 😕 HP[+2] MP[-1]
You regained 2 hp, and now have 65/77 hp.
You lost 1 mp, and now have 0/24 mp.
You hit nuthulu's ghost but do no damage.
Nuthulu's ghost hits you. 😕 HP[-1]
You take 1 damage, and now have 64/77 hp.
Unknown command.
Casting: Sandblast (safe; 1% risk of failure)
Confirm with . or Enter, or press ? or * to list all spells.
You don't have enough magic to cast this spell.
Casting: Sandblast (safe; 1% risk of failure)
Confirm with . or Enter, or press ? or * to list all spells.
You don't have enough magic to cast this spell.
You completely miss nuthulu's ghost. Nuthulu's ghost misses you.
Nuthulu's ghost closely misses you. 😕 HP[+1] MP[+1]
You hit nuthulu's ghost but do no damage.
Nuthulu's ghost hits you! 😮 HP[-14]
You take 14 damage, and now have 51/77 hp.
You hit nuthulu's ghost but do no damage.
Nuthulu's ghost misses you. 😮 HP[+1]
You closely miss nuthulu's ghost. Nuthulu's ghost hits you! 😮 HP[-6]
You take 6 damage, and now have 46/77 hp.
Casting: Sandblast (safe; 1% risk of failure)
Confirm with . or Enter, or press ? or * to list all spells.
Aiming: Sandblast (safe; 1% risk of failure)
Press: ? - help, Shift-Dir - straight line, f/p - nuthulu's ghost
Aim: nuthulu's ghost, wielding a weapon of venom (almost destroyed, 84% to hit)
The blast of sand hits nuthulu's ghost but does no damage.
Nuthulu's ghost hits you!
* * * LOW HITPOINT WARNING * * *
😨 HP[-8]
You take 8 damage, and now have 38/77 hp.
Unknown command.
You hit nuthulu's ghost but do no damage.
Nuthulu's ghost barely misses you. 😮 HP[+1]
You hit nuthulu's ghost but do no damage.
Nuthulu's ghost hits you!
* * * LOW HITPOINT WARNING * * *
Nuthulu's ghost hits you!
* * * LOW HITPOINT WARNING * * *
😱 HP[-23]
You take 23 damage, and now have 16/77 hp.
MASSIVE DAMAGE!! (PAUSE)
You barely miss nuthulu's ghost.
Nuthulu's ghost hits you but does no damage. 😱 HP[+1]
You hit nuthulu's ghost but do no damage.
Nuthulu's ghost hits you.
* * * LOW HITPOINT WARNING * * *
😱 HP[-3]
You take 3 damage, and now have 14/77 hp.
Casting: Sandblast (safe; 1% risk of failure)
Confirm with . or Enter, or press ? or * to list all spells.
Aiming: Sandblast (safe; 1% risk of failure)
Press: ? - help, Shift-Dir - straight line, f/p - nuthulu's ghost
Aim: nuthulu's ghost, wielding a weapon of venom (almost destroyed, 84% to hit)
The blast of sand hits nuthulu's ghost but does no damage.
Nuthulu's ghost hits you!
You die...

Skill      XL: |  1  2  3  4  5  6  7  8  9 10 11 12 |
---------------+-------------------------------------+-----
Earth Magic    | 4 5 6 7 9 10 | 10.0
Conjurations   | 1 2 3 4 6 8 10 | 10.4
Spellcasting   | 3 4 5 6 8 |  8.0
Fighting       | 7 10 | 10.0
Dodging        | 6 7 |  7.9
Stealth        | |  2.1
Transmutations | |  0.7

Action                     |  1- 3 |  4- 6 |  7- 9 | 10-12 || total
---------------------------+-------+-------+-------+-------++-------
  Melee: Spear             |       |     5 |    19 |    16 ||    40
         Punch             |       |       |     1 |       ||     1
   Cast: Sandblast         |    32 |    50 |   143 |   135 ||   360
         Stone Arrow       |       |     1 |    52 |   140 ||   193
         Lee's Rapid Decon |       |       |       |     3 ||     3
         Petrify           |       |       |       |     1 ||     1
  Evoke: Wand              |       |       |       |     3 ||     3
    Use: Scroll            |     8 |     7 |    11 |     3 ||    29
         Potion            |       |       |     1 |       ||     1
   Stab: Sleeping          |       |     2 |       |       ||     2
 Armour: Robe              |     1 |     3 |    55 |    39 ||    98
         Troll leather arm |       |       |       |    57 ||    57
  Dodge: Dodged            |     3 |     8 |    64 |   162 ||   237

Levels and vault maps discovered:
D:1:      spicycebolla_green_bress_n_ham, layout_basic, minmay_misc_feat_cross,
          chequers_serial_rivers_micro_a, nicolae_grassy_gnolls
D:2:      layout_basic, dreamdust_ecumenical_altar_drowned_temple, serial_shops,
          nicolae_shop_bloodbath_and_beyond, fountainhead, uniq_natasha,
          uniq_terence
D:3:      layout_basic, old_standard_altar, uniq_sigmund
D:4:      layout_loops_corners, minmay_temple_entry_proselytizer,
          gammafunk_ghost_icy, minmay_checkerbox
D:5:      layout_basic, vehumet_statue, mainiacjoe_overflow_alcove_1,
          ebering_ghost_gozag, serial_corexii_hall, corexii_hall_statues_i,
          chequers_hall_statues_y, uniq_eustachio, uniq_pikel
D:6:      layout_loops_ring, nicolae_ossuary_entry_catacombs,
          guppyfry_shop_venom, uniq_duvessa
D:7:      lemuel_ice_statue, layout_basic, mainiacjoe_overflow_brackets
D:8:      layout_basic, lemuel_mausoleum_altar_kikubaaqudgha, elyvilon_altar_3
D:9:      layout_basic, mainiacjoe_overflow_24_doors,
          nicolae_gozag_cash_rules_everything_around_me, dpeg_oklobed_lair,
          serial_shops, nicolae_shop_trees, nicolae_wwwww
D:10:     layout_loops_ring, amcnicky_altar_gilded
D:11:     layout_stronghold, palyth_stone_intersect, zin_treasury
Temple:   dshaligram_water_room_temple
Lair:1:   layout_chaotic_city, gammafunk_ghost_grave

Notes
Turn   | Place    | Note
-------+----------+-------------------------------------------
     0 | D:1      | kae the Gargoyle Earth Elementalist began the quest for the
                  | Orb.
     0 | D:1      | Reached XP level 1. HP: 10/10 MP: 3/3
     0 | D:1      | magus.rc [v1.11.3]
    49 | D:1      | Reached skill level 4 in Earth Magic
    49 | D:1      | Reached XP level 2. HP: 11/15 MP: 0/5
   362 | D:1      | Reached XP level 3. HP: 19/19 MP: 3/6
   367 | D:1      | Learned a level 3 spell: Stone Arrow
   370 | D:1      | Learned a level 2 spell: Passwall
   656 | D:2      | Found Yrchucic's Weapon Shop.
   682 | D:2      | Noticed Terence
   856 | D:2      | You pick up a book of Callings and begin reading...
   856 | D:2      | You add the spells Summon Small Mammal, Call Canine
                  | Familiar and Summon Guardian Golem to your library.
   925 | D:2      | Noticed Natasha
   941 | D:2      | Killed Natasha
   942 | D:2      | Reached skill level 1 in Conjurations
   942 | D:2      | Reached XP level 4. HP: 24/24 MP: 5/8
   989 | D:2      | Found a faded altar of an unknown god.
  1219 | D:2      | Noticed Natasha
  1221 | D:2      | Killed Natasha
  1222 | D:2      | Reached skill level 3 in Spellcasting
  1222 | D:2      | Reached skill level 2 in Conjurations
  1342 | D:2      | Noticed Natasha
  1365 | D:2      | Killed Natasha
  1366 | D:2      | Reached XP level 5. HP: 28/28 MP: 5/9
  1520 | D:3      | Found a sparkling altar of Nemelex Xobeh.
  1760 | D:3      | Noticed Sigmund
  1765 | D:3      | Killed Sigmund
  1766 | D:3      | Reached skill level 3 in Conjurations
  1766 | D:3      | Reached skill level 5 in Earth Magic
  1766 | D:3      | Reached XP level 6. HP: 32/32 MP: 6/11
  1970 | D:3      | Reached skill level 4 in Conjurations
  2336 | D:4      | Reached XP level 7. HP: 34/36 MP: 4/12
  2379 | D:4      | Found a staircase to the Ecumenical Temple.
  2384 | D:4      | Reached skill level 4 in Spellcasting
  2410 | D:4      | Reached skill level 5 in Conjurations
  2412 | D:4      | Reached skill level 6 in Earth Magic
  2466 | D:4      | Found a runed translucent gate.
  2466 | D:4      | Found a runed translucent gate.
  2466 | D:4      | Found a runed translucent gate.
  2496 | D:4      | Noticed XanderDroid's ghost (amateur TrFi)
  2528 | Temple   | Entered the Ecumenical Temple
  3032 | D:4      | Found the +3 pair of seven-league boots {Rampage+∞}
  3176 | D:4      | Reached skill level 6 in Conjurations
  3476 | D:5      | Entered Level 5 of the Dungeon
  3476 | D:5      | Noticed Eustachio
  3476 | D:5      | Found a runed translucent gate.
  3479 | D:5      | Killed Eustachio
  3480 | D:5      | Reached XP level 8. HP: 41/41 MP: 7/15
  3513 | D:5      | Found a runed translucent gate.
  3513 | D:5      | Found an opulent altar of Gozag.
  3515 | D:5      | Found a runed translucent gate.
  3516 | D:5      | You pick up a book of Winter and begin reading...
  3516 | D:5      | You add the spells Ozocubu's Armour, Metabolic Englaciation
                  | and Simulacrum to your library.
  3518 | D:5      | Noticed mopl's ghost (novice DrAE)
  3579 | D:5      | HP: 2/41 [orc priest/divine providence (15)]
  3790 | D:5      | Reached skill level 7 in Earth Magic
  3798 | D:5      | Reached skill level 5 in Spellcasting
  3798 | D:5      | Reached skill level 7 in Conjurations
  4277 | D:5      | Noticed Pikel
  4284 | D:5      | Killed Pikel
  4285 | D:5      | Reached skill level 8 in Conjurations
  4285 | D:5      | Reached XP level 9. HP: 39/45 MP: 4/17
  4477 | D:5      | Found a hide-covered altar of Uskayaw.
  4580 | D:5      | Reached skill level 8 in Earth Magic
  4689 | D:5      | Found a radiant altar of Vehumet.
  4702 | D:5      | Became a worshipper of Vehumet
  4837 | D:6      | You pick up a book of Displacement and begin reading...
  4837 | D:6      | You add the spells Lesser Beckoning, Gell's Gravitas and
                  | Teleport Other to your library.
  4841 | D:6      | Noticed Dowan
  4849 | D:6      | Noticed Duvessa
  4856 | D:6      | Killed Duvessa
  4860 | D:6      | Killed Dowan
  4901 | D:6      | Found a sand-covered staircase.
  4908 | Ossuary  | Entered an ossuary
  4959 | Ossuary  | Reached skill level 6 in Spellcasting
  4959 | Ossuary  | Reached skill level 9 in Conjurations
  5239 | Ossuary  | Reached * piety under Vehumet
  5239 | Ossuary  | Offered knowledge of Kiss of Death by Vehumet.
  5787 | D:6      | Reached skill level 10 in Conjurations
  5787 | D:6      | Reached skill level 9 in Earth Magic
  6229 | D:6      | Found Vidulura's Serpentskin Sales.
  6398 | D:6      | Reached XP level 10. HP: 50/50 MP: 16/20
  6648 | D:7      | Reached ** piety under Vehumet
  6653 | D:7      | Reached skill level 7 in Spellcasting
  6753 | D:7      | You pick up a book of Death and begin reading...
  6753 | D:7      | You add the spells Animate Dead, Haunt and Infestation to
                  | your library.
  6931 | D:7      | Noticed an ice statue
  6981 | D:7      | Found an ornate altar of the Wu Jian Council.
  7168 | D:7      | Offered knowledge of Momentum Strike by Vehumet.
  7290 | D:7      | Learned a level 4 spell: Petrify
  7774 | D:8      | You pick up a book of the Earth and begin reading...
  7774 | D:8      | You add the spells Leda's Liquefaction and Lee's Rapid
                  | Deconstruction to your library.
  7920 | D:8      | Found a white marble altar of Elyvilon.
  7921 | D:8      | Found the +3 hat of Pondering {ponderous, Will+ MP+10
                  | Int+5}
  8114 | D:8      | Reached skill level 10 in Earth Magic
  8203 | D:8      | Found an ancient bone altar of Kikubaaqudgha.
  8780 | D:9      | Learned a level 5 spell: Lee's Rapid Deconstruction
  8840 | D:9      | Found a hazy altar of Hepliaklqana.
  8899 | D:9      | Reached skill level 8 in Spellcasting
  8899 | D:9      | Reached skill level 1 in Fighting
  8902 | D:9      | Reached skill level 2 in Fighting
  8904 | D:9      | Reached skill level 3 in Fighting
  8910 | D:9      | Reached skill level 4 in Fighting
  8916 | D:9      | Reached skill level 5 in Fighting
  9052 | D:9      | Identified the +0 buckler of Philately {Rampage rN++ Str+3}
  9067 | D:9      | Found an opulent altar of Gozag.
  9102 | D:9      | Noticed a two-headed ogre
  9105 | D:9      | Killed a two-headed ogre
  9106 | D:9      | Reached skill level 7 in Fighting
  9132 | D:9      | Reached XP level 11. HP: 67/67 MP: 16/23
  9191 | D:9      | Found Agaceopa's Antique Armour Boutique.
  9239 | D:9      | Found a staircase to the Lair.
  9678 | D:9      | Reached skill level 8 in Fighting
  9825 | D:10     | Entered Level 10 of the Dungeon
  9832 | D:10     | Offered knowledge of Inner Flame by Vehumet.
  9929 | D:10     | Reached skill level 9 in Fighting
 10290 | D:10     | Found a basalt altar of Yredelemnul.
 10386 | D:10     | Reached skill level 10 in Fighting
 10584 | D:10     | Reached skill level 2 in Dodging
 10838 | D:10     | Noticed a two-headed ogre
 10843 | D:10     | Killed a two-headed ogre
 10844 | D:10     | Reached skill level 3 in Dodging
 10978 | D:11     | Reached *** piety under Vehumet
 11025 | D:11     | You pick up a book of Lightning and begin reading...
 11025 | D:11     | You add the spells Static Discharge, Vhi's Electric Charge,
                  | Lightning Bolt and Arcjolt to your library.
 11228 | D:11     | Reached skill level 4 in Dodging
 11383 | D:11     | Noticed a two-headed ogre
 11387 | D:11     | Killed a two-headed ogre
 11573 | D:11     | Found a glowing silver altar of Zin.
 11773 | D:11     | Noticed a boulder beetle
 11783 | D:11     | Noticed a boulder beetle
 12099 | D:11     | Reached skill level 5 in Dodging
 12351 | Lair:1   | Entered Level 1 of the Lair of Beasts
 12378 | Lair:1   | Offered knowledge of Olgreb's Toxic Radiance by Vehumet.
 12559 | Lair:1   | Reached skill level 6 in Dodging
 12706 | Lair:1   | Reached XP level 12. HP: 74/77 MP: 17/24
 12771 | Lair:1   | Noticed a catoblepas
 12776 | Lair:1   | Killed a catoblepas
 12777 | Lair:1   | Reached skill level 7 in Dodging
 12978 | Lair:1   | Found a runed translucent door.
 12979 | Lair:1   | Noticed nuthulu's ghost (journeyman GrFi)
 13321 | Lair:1   | HP: 16/77 [nuthulu's ghost (14)]
 13324 | Lair:1   | Slain by nuthulu's ghost

Vanquished Creatures
  A catoblepas (Lair:1)
  3 two-headed ogres
  Pikel (D:5)
  A black mamba (Lair:1)
  A gargoyle (D:11)
  3 cane toads (Lair:1)
  A kobold demonologist (D:11)
  2 komodo dragons
  3 trolls
  A shadow (D:10)
  2 wraiths (D:10)
  Sigmund (D:3)
  20 yaks
  A wyvern (Lair:1)
  Eustachio (D:5)
  A steam dragon (D:7)
  4 water moccasins
  Duvessa (D:6)
  An orc warrior (D:9)
  5 wolves (Lair:1)
  A black bear (D:4)
  An ogre (D:3)
  6 centaurs
  3 lemures
  An elf zombie (D:6)
  8 bullfrogs
  An elf skeleton (D:6)
  2 necrophages (D:8)
  9 scorpions
  11 wights
  Dowan (D:6)
  11 killer bees
  5 centaur zombies
  5 hounds
  A jelly (D:5)
  6 orc priests
  3 human zombies
  2 human skeletons (D:6)
  3 iguanas
  3 scorpion zombies (Ossuary)
  Natasha (thrice) (D:2)
  5 orc wizards
  A statue (D:5)
  3 killer bee zombies (D:8)
  5 mummies
  9 gnolls
  7 adders
  A shadow imp (D:5)
  A white imp (D:8)
  An ufetubus (D:5)
  4 worms
  3 dart slugs
  19 orcs
  A ball python (D:3)
  8 endoplasms
  3 gnoll zombies (Ossuary)
  8 goblins
  8 hobgoblins
  4 jackals (D:2)
  6 quokkas
  2 bats
  A goblin zombie (Ossuary)
  A hobgoblin zombie (Ossuary)
  7 kobolds
  6 kobold zombies (Ossuary)
  An orc skeleton (D:6)
  4 orc zombies
  6 rats
  A spectral kobold (D:2)
266 creatures vanquished.

Vanquished Creatures (others)
  3 fungi (Lair:1)
  2 plants (Lair:1)
  2 withered plants (Lair:1)
7 creatures vanquished.

Grand Total: 273 creatures vanquished

Table legend:
 A = Non-vault XP
 B = Vault XP
 C = Vault XP percentage of total XP
 D = Non-vault monster count
 E = Vault monster count
 F = Vault count percentage of total count
                 A         B        C        D         E       F
            +---------+---------+-------+---------+---------+-------
      Total |   18312 |    3228 |  15.0 |     198 |      65 |  24.7
            +---------+---------+-------+---------+---------+-------
        D:1 |      25 |      14 |  35.9 |      17 |       1 |   5.6
        D:2 |     103 |      36 |  25.9 |      17 |       2 |  10.5
        D:3 |     173 |     214 |  55.3 |      19 |       1 |   5.0
        D:4 |     602 |     123 |  17.0 |      17 |       5 |  22.7
        D:5 |     502 |     855 |  63.0 |      18 |       3 |  14.3
        D:6 |     703 |     498 |  41.5 |      16 |      10 |  38.5
        D:7 |     459 |       0 |   0.0 |       9 |       0 |   0.0
        D:8 |     433 |     544 |  55.7 |       6 |      12 |  66.7
        D:9 |    3649 |       0 |   0.0 |      23 |       0 |   0.0
       D:10 |    3907 |       0 |   0.0 |      17 |       0 |   0.0
       D:11 |    2919 |       0 |   0.0 |      18 |       0 |   0.0
     Lair:1 |    4837 |       0 |   0.0 |      21 |       0 |   0.0
    Ossuary |       0 |     944 | 100.0 |       0 |      31 | 100.0
            +---------+---------+-------+---------+---------+-------

Illustrated notes

Table legend:
 A = Kills in this place as a percentage of kills in entire the game.
 B = Kills by you in this place as a percentage of kills by you in the entire game.
 C = Kills by friends in this place as a percentage of kills by friends in the entire game.
 D = Other kills in this place as a percentage of other kills in the entire game.
 E = Experience gained in this place as a percentage of experience gained in the entire game.
 F = Experience gained in this place divided by the number of levels of this place that you have seen.
                   A       B       C       D       E      F
               +-------+-------+-------+-------+-------+----------------------
         Total | 100.0 | 100.0 |   N/A |   N/A | 100.0 | 1538.6
       Dungeon |  80.2 |  80.2 |   N/A |   N/A |  73.2 | 1432.6
          Lair |   8.0 |   8.0 |   N/A |   N/A |  22.5 | 4837.0
       Ossuary |  11.8 |  11.8 |   N/A |   N/A |   4.4 | 944.0
               +-------+-------+-------+-------+-------+----------------------

Table legend: (Time is in decaauts)
 A = Elapsed time spent in this place.
 B = Non-inter-level travel time spent in this place.
 C = Inter-level travel time spent in this place.
 D = Time resting spent in this place.
 E = Time spent auto-exploring this place.
 F = Levels seen in this place.
 G = Mean time per level.
                   A        B        C        D        E       F      G
               +--------+--------+--------+--------+--------+-----+--------+
         Total |  13512 |  13111 |    401 |    667 |  10775 |  14 |  965.1 |
       Dungeon |  11758 |  11382 |    376 |    595 |   9484 |  11 | 1068.9 |
        Temple |    137 |    114 |     23 |      0 |    104 |   1 |  137.0 |
          Lair |    995 |    995 |      0 |      0 |    843 |   1 |  995.0 |
       Ossuary |    620 |    620 |      0 |     72 |    344 |   1 |  620.0 |
               +--------+--------+--------+--------+--------+-----+--------+

Top non-repeatable levels by time:
     D:4: 1524 daAuts
     D:8: 1458 daAuts
    D:11: 1344 daAuts
     D:6: 1230 daAuts
    D:10: 1177 daAuts
     D:9: 1096 daAuts
  Lair:1: 995 daAuts
     D:5: 919 daAuts
     D:2: 840 daAuts
     D:3: 790 daAuts
     D:7: 706 daAuts
     D:1: 668 daAuts
 Ossuary: 620 daAuts
  Temple: 137 daAuts
